 Dungeon Crawl Stone Soup version 0.17-a0-2231-gd80ca38 (webtiles) character file.

35 ololoev the Ruffian (level 3, -1/29 HPs)
             Began as a Demonspawn Fighter on Oct 29, 2015.
             Slain by a scorpion (7 damage)
             ... on level 4 of the Dungeon.
             The game lasted 00:02:32 (455 turns).

ololoev the Ruffian (Demonspawn Fighter)             Turns: 455, Time: 00:02:32

Health: -1/29      AC:  8    Str: 22    XL:     3   Next: 17%
Magic:  3/3        EV:  5    Int:  9    God:
Gold:   106        SH:  9    Dex: 12    Spells: 0 memorised, 2 levels left

rFire  . . .     SeeInvis .       - Unarmed
rCold  . . .     Clarity  .     h - +0 chain mail
rNeg   . . .     SustAt   .     b - +0 shield
rPois  .         Gourm    .     (no helmet)
rElec  .         Spirit   .     (no cloak)
rCorr  .         Warding  .     (no gloves)
rMut   .         Stasis   .     (no boots)
MR     .....                    (no amulet)
Stlth  ..........               (no ring)
                                (no ring)

@: mighty, lethally poisoned (-1 -> -14), not resistant to hostile enchantments,
extremely unstealthy
A: powered by pain 1
a: no special abilities


Innate Abilities, Weirdness & Mutations

You sometimes gain a little power by taking damage.

Inventory:

Armour
 b - a +0 shield (worn)
 h - a +0 chain mail (worn)
Scrolls
 a - a scroll of magic mapping {unknown}
 e - a scroll of fear {unknown}
 f - a scroll of remove curse {unknown}
 g - a scroll of teleportation {unknown}
Comestibles
 d - a bread ration
 i - a chunk of flesh


   Skills:
 - Level 3.0 Fighting
 - Level 2.6 Armour
 - Level 2.6 Shields
 + Level 3.3 Unarmed Combat


You had 2 spell levels left.
You didn't know any spells.


You were on level 4 of the Dungeon.
You were not hungry.

You visited 1 branch of the dungeon, and saw 4 of its levels.

You collected 106 gold pieces.

.#.######.##.#
##.#####...#.#
#.# #...........#
#.#
#######...#####.#
##.##.. ...
#.##.# #.#
#.##.###.#
#......#s#
#..#.#.#@######
#...............
##.###.#########
#.....# #######

Notes
Turn   | Place    | Note
--------------------------------------------------------------
     0 | D:1      | ololoev the Demonspawn Fighter began the quest for the Orb.
     0 | D:1      | Reached XP level 1. HP: 18/18 MP: 1/1
   157 | D:2      | Gained mutation: You sometimes gain a little power by taking damage. [demonic ancestry]
   157 | D:2      | Reached XP level 2. HP: 16/24 MP: 2/2
   339 | D:3      | Reached XP level 3. HP: 22/29 MP: 3/3
   438 | D:4      | Noticed a scorpion
   455 | D:4      | Slain by a scorpion

Dungeon Overview and Level Annotations

Branches:
Dungeon (4/15)
 Temple: D:4-7

Altars:


Message History

The scorpion poisons you!
You hit the scorpion.
The scorpion is heavily wounded.
You feel sick. You block the scorpion's attack.
You hit the scorpion.
The scorpion is heavily wounded.
You feel sick. The scorpion stings you.
You are lethally poisoned!
The scorpion poisons you!
You are too injured to fight recklessly!
You are too injured to fight recklessly!
You are too injured to fight recklessly!
You are too injured to fight recklessly!
You are too injured to fight recklessly!
You are too injured to fight recklessly!
You are too injured to fight recklessly!
You are too injured to fight recklessly!
You are too injured to fight recklessly!
You are too injured to fight recklessly!
You are too injured to fight recklessly!
You are too injured to fight recklessly!
You are too injured to fight recklessly!
You are too injured to fight recklessly!
You are too injured to fight recklessly!
You are too injured to fight recklessly!
You are too injured to fight recklessly!
You are too injured to fight recklessly!
Your shield and chain mail prevent you from hitting the scorpion.
The scorpion is heavily wounded.
You feel sick. The scorpion barely misses you.
You closely miss the scorpion.
The scorpion is heavily wounded.
You feel sick. You block the scorpion's attack.
Your shield prevents you from hitting the scorpion.
The scorpion is heavily wounded.
You feel sick. You block the scorpion's attack.
Drink which item? (? for menu, Esc to quit)
You feel very mighty all of a sudden.
You feel sick. The scorpion stings you!
You die...

You could see a scorpion.

Vanquished Creatures
  2 adders
  A worm (D:3)
  3 bats
  4 goblins
  2 hobgoblins
  2 giant newts
  A kobold (D:1)
  3 rats
18 creatures vanquished.

Action                   || total
-------------------------++-------
Melee: Unarmed           ||   143
  Use: Potion            ||     1

Vault maps used:
D:1:      lightli_arrival_farm, kennysheep_another_room
D:2:      forest_paths
D:3:      dk_vineyard_3, uniq_sigmund, uniq_iyjb
D:4:      minmay_temple_entry_statues_fountains
